 Dungeon Crawl Stone Soup version 0.29-a0-369-gd956c00756 (webtiles) character file.

Game seed: 10966091798869665720

32 Antichthon the Shield-Bearer (level 3, 0/23 HPs)
             Began as a Gargoyle Fighter on May 2, 2022.
             Slain by Robin
             ... wielding a +5 short sword of electrocution
              (5 damage)
             ... on level 1 of the Dungeon.
             The game lasted 00:01:17 (1841 turns).

Antichthon the Shield-Bearer (Gargoyle Fighter)     Turns: 1841, Time: 00:01:17

Health: 0/23       AC: 10    Str: 21    XL:     3   Next: 25%
Magic:  3/3        EV:  9    Int:  8    God:
Gold:   34         SH:  4    Dex:  9    Spells: 2/2 levels left

rFire   + . .      SeeInvis .   a - +0 flail
rCold   + . .      Faith    .   c - +0 buckler
rNeg    + . .      Spirit   .   b - +0 scale mail
rPois   ∞          Reflect  .   (no helmet)
rElec   +          Harm     .   i - scarf {rC+ rF+}
rCorr   .          Rampage  .   (no gloves)
Will    .....                   (no boots)
Stlth   ..........              (no amulet)
HPRegen 0.07/turn               (no ring)
MPRegen 0.08/turn               (no ring)

@: no status effects
A: sickness immunity, AC +3, negative energy resistance 1, electricity
resistance, torment resistance 1, petrification resistance
a: no special abilities


You were on level 1 of the Dungeon.
You visited 1 branch of the dungeon, and saw 2 of its levels.

You collected 34 gold pieces.

Inventory:

Hand Weapons
 a - a +0 flail (weapon)
Armour
 b - a +0 scale mail (worn)
 c - a +0 buckler (worn)
 i - a scarf of resistance (worn)
Potions
 d - a potion of might
 e - 2 potions of magic {unknown}
 f - 2 potions of curing {unknown}
 g - a potion of flight {unknown}
 h - 2 potions of mutation {unknown}


   Skills:
 * Level 3.4 Fighting
 * Level 2.3 Maces & Flails
 * Level 3.6 Armour
 * Level 0.3 Dodging
 * Level 3.6 Shields
 * Level 0.6 Invocations


You had 2 spell levels left.
You didn't know any spells.
Your spell library was empty.

Dungeon Overview and Level Annotations

Branches:
Dungeon (2/15)

Altars:

Annotations:
D:1 Robin


Innate Abilities, Weirdness & Mutations

You are immune to sickness and miasma.
Your stone body is resilient. (AC +3)
You are immune to poison.
You resist negative energy. (rN+)
You are resistant to electric shocks. (rElec)
You are resistant to unholy torment.
You are immune to petrification.


Message History

You sock the goblin!
You kill the goblin!
The ball python bites you but does no damage.
The ball python constricts you. The ball python closely misses you.
The ball python constricts you.
Unknown command.
You hit the ball python.
You kill the ball python!
You see here a +0 club.
You start resting.
You see here a +0 club.
There is a stone staircase leading down here.
You start resting.
HP restored.
Unknown command.
You climb downwards.
Level annotation: Robin Robin hits you with a +5 short sword of electrocution!
Robin roars a battlecry!
The goblins go into a battle-frenzy!
There is a stone staircase leading up here.
Unknown command.
Robin hits you with a +5 short sword of electrocution.
You climb upwards.
There is a stone staircase leading down here.
Unknown command.
You hit Robin but do no damage.
Robin hits you with a +5 short sword of electrocution.
You sock Robin!
Robin is heavily wounded.
Robin hits you with a +5 short sword of electrocution.
* * * LOW HITPOINT WARNING * * *
You closely miss Robin.
Robin is heavily wounded.
Robin barely misses you. Robin completely misses you.
Unknown command.
You hit Robin but do no damage.
Robin is heavily wounded.
Robin hits you with a +5 short sword of electrocution.
You die...

#..#######...8...8...#...#.#.##.#
#..# #.#8.........8#.#.#......#
...# #.##.........##.#.###.####
..## ###.#####8<8#######.###.###
### #...###############.......# #
#.##.##.# #.......##.#.# #
#.##.##.# ########......#.#
######....##.###)....###..####.#
.......#.##....)@)...##........#
......###....#.g)....#.###.#####
.....## ##.....#.....#.# #.#
#####.###.#.####.....#.###.# #
##.#.##.......#####...## #
##..##.......######.## #
##.###.##.......##.# #
#####..............##.#
####.......#.##........#.#


You could see Robin.

Vanquished Creatures
  An adder (D:2)
  A dart slug (D:1)
  An endoplasm (D:1)
  7 goblins
  2 hobgoblins (D:1)
  2 jackals (D:1)
  A ball python (D:1)
  2 bats (D:1)
  A frilled lizard (D:1)
18 creatures vanquished.

Notes
Turn   | Place    | Note
-------+----------+-------------------------------------------
     0 | D:1      | Antichthon the Gargoyle Fighter began the quest for the
                  | Orb.
     0 | D:1      | Reached XP level 1. HP: 14/14 MP: 1/1
   205 | D:1      | Found a faded altar of an unknown god.
   530 | D:1      | Reached XP level 2. HP: 19/19 MP: 2/2
   991 | D:2      | Noticed Robin
   997 | D:2      | Reached XP level 3. HP: 9/23 MP: 3/3
  1841 | D:1      | Slain by Robin

Illustrated notes

Levels and vault maps discovered:
D:1:      mrwooster_arrival_statue_3, layout_loops_cross,
          hellmonk_ecumenical_altar_heavens_door
D:2:      wad_crossroads, layout_basic, serial_shops, shop, uniq_robin,
          uniq_jessica

Action                   || total
-------------------------++-------
Melee: Flail             ||    67
  Use: Scroll            ||     1
Armor: Scale mail        ||    63
Dodge: Dodged            ||    48
Block: Buckler           ||    22

Table legend: (Time is in decaauts)
 A = Elapsed time spent in this place.
 B = Non-inter-level travel time spent in this place.
 C = Inter-level travel time spent in this place.
 D = Time resting spent in this place.
 E = Time spent auto-exploring this place.
 F = Levels seen in this place.
 G = Mean time per level.
                   A        B        C        D        E       F      G
               +--------+--------+--------+--------+--------+-----+--------+
         Total |   1866 |   1800 |     66 |    778 |    823 |   2 |  933.0 |
       Dungeon |   1866 |   1800 |     66 |    778 |    823 |   2 |  933.0 |
               +--------+--------+--------+--------+--------+-----+--------+

Top non-repeatable levels by time:
     D:1: 1703 daAuts
     D:2: 162 daAuts
